 Dungeon Crawl Stone Soup version 0.30-a0-883-g5ad918d77d (webtiles) character file.

Game seed: 3670401689118892943

491 Axe the Slasher (level 6, 0/84 HPs)
             Began as a Minotaur Fighter on Mar 18, 2023.
             Was a Follower of Yredelemnul.
             Succumbed to an orc wizard's poison
             ... on level 5 of the Dungeon.
             The game lasted 00:04:10 (3505 turns).

Axe the Slasher (Minotaur Fighter)                  Turns: 3505, Time: 00:04:10

Health: 0/84       AC: 23    Str: 23    XL:     6   Next: 91%
Magic:  6/6        EV:  2    Int:  5    God:    Yredelemnul [*.....]
Gold:   181        SH:  4    Dex:  9    Spells: 5/5 levels left

rFire   . . .      SeeInvis +    a - +0 long sword
rCold   . . .      Faith    .    c - +0 buckler
rNeg    . . .      Spirit   .    l - melded +1 chain mail
rPois   +          Reflect  .    (helmet currently unavailable)
rElec   .          Rampage  .    g - melded scarf {shadows}
rCorr   .          NoTele   +    (gloves currently unavailable)
Will    .....                    (boots currently unavailable)
Stlth   +                        (no amulet)
HPRegen 0.34/turn                s - ring of see invisible
MPRegen 0.10/turn                (no ring)

@: lethally poisoned (0 -> -14), tree-form
A: stationary, stasis, torment immunity, boosted hp, (horns 2), (retaliatory
headbutt)
a: Renounce Religion, Recall Undead Harvest


You were on level 5 of the Dungeon.
You worshipped Yredelemnul.
Yredelemnul was noncommittal.
You were a tree.
You visited 1 branch of the dungeon, and saw 5 of its levels.

You collected 181 gold pieces.

Inventory:

Hand Weapons
 a - a +0 long sword (weapon)
Armour
 c - a +0 buckler (worn)
 g - a scarf of shadows (melded)
 l - a +1 chain mail (melded)
 q - a +0 pair of gloves
Jewellery
 s - a ring of see invisible (left branch)
Scrolls
 d - a scroll of blinking {unknown}
 e - 2 scrolls of magic mapping
 h - a scroll of enchant armour
 i - a scroll of enchant weapon {unknown}
 j - 2 scrolls of identify {unknown}
 k - a scroll of poison {unknown}
 o - 2 scrolls of teleportation {unknown}
 p - a scroll of vulnerability {unknown}
 r - a scroll of amnesia {unknown}
 t - a scroll of fear {unknown}
 u - 3 scrolls of immolation {unknown}
 v - a scroll of butterflies {unknown}
 x - a scroll of torment {unknown}
Potions
 b - 2 potions of magic {unknown}
 f - 2 potions of flight
 m - a potion of lignification
 w - a potion of mutation {unknown}


   Skills:
 + Level 5.0 Fighting
 * Level 5.3 Long Blades
 + Level 4.9 Armour
 + Level 2.7 Dodging
 + Level 4.9 Shields
 + Level 1.9 Invocations


You had 5 spell levels left.
You didn't know any spells.
Your spell library was empty.

Dungeon Overview and Level Annotations

Branches:
Dungeon (5/15)             Temple (0/1) D:4

Altars:
Cheibriados
Vehumet
Xom
Yredelemnul


Innate Abilities, Weirdness & Mutations

You are a tree.
Your roots penetrate the ground, keeping you stationary.
You cannot be teleported.
You are immune to unholy pain and torment.
Your maximum health is greatly increased.
Your equipment is partially melded.
((You have a pair of horns on your head.))
((You reflexively headbutt those who attack you in melee.))


Message History

You closely miss the orc warrior. You headbutt the orc warrior.
The orc warrior is severely wounded.
You feel sick.
The orc wizard hits you but does no damage.
You are more poisoned.
The orc warrior hits you with a +0 trident.
* * * LOW HITPOINT WARNING * * *
Your orc zombie closely misses the orc wizard.
Your iguana zombie bites the orc warrior but does no damage.
Your orc zombie hits the orc warrior but does no damage.
Your orc zombie barely misses the orc wizard.
You closely miss the orc warrior.
The orc warrior is severely wounded.
* * * LOW HITPOINT WARNING * * *
You feel very sick. You block the orc warrior's attack.
The orc wizard points at you and mumbles some strange words.
The puff of flame hits you.
* * * LOW HITPOINT WARNING * * *
Your orc zombie hits the orc wizard but does no damage.
Your iguana zombie bites the orc warrior but does no damage.
Your orc zombie hits the orc wizard but does no damage.
Your orc zombie hits the orc warrior but does no damage.
You barely miss the orc wizard.
The orc wizard is severely wounded.
* * * LOW HITPOINT WARNING * * *
You feel very sick.
The orc warrior hits your orc zombie with a +0 trident!
Your orc zombie is destroyed!
The orc wizard hits you with a +0 dagger of venom.
* * * LOW HITPOINT WARNING * * *
You are more poisoned.
Your iguana zombie closely misses the orc warrior.
Your orc zombie closely misses the orc wizard. x2
It was a potion of lignification.
You turn into a tree.
Your scarf of shadows melds into your body.
Your +1 chain mail melds into your body.
The dungeon's light returns to normal.
Your roots penetrate the ground.
You die...
Your body rises from the dead as a mindless zombie.

****,*,,, *,*,,, *,*,,, *,*,,,
*,*,,, ##### ####### ***,,,,,
....##########.....#####**,,,*,,,
....ZZ....(..'.Z........,,,,,+,,,
..ZZ.#########ZZ♣Z.###****,,,*,*,
.....# #..)ooZ.# *,,,*,*, ....##
#......## *,,,*,*, ....# #......#
*,,,,,,, ##### #......# **,*,,**
############...>..# *,*,,*
#.ZZZ.....##......# *,*,,**
#Z#######.....##### *,,,,,, ...#
*,,,,,* **,,,,,,


You could see an orc warrior (unaware, ally target), an orc wizard (invisible),
a friendly iguana zombie and 4 friendly orc zombies.

Vanquished Creatures
  A yak (D:5)
  A centaur (D:5)
  A jelly (D:3)
  3 iguanas
  An orc wizard (D:4)
  A mummy (D:3)
  2 adders
  An ufetubus (D:5)
  5 dart slugs
  A worm (D:2)
  12 orcs
  6 endoplasms
  2 giant cockroaches
  5 hobgoblins
  3 jackals (D:2)
  2 quokkas
  8 ball pythons
  9 bats
  2 frilled lizards
  7 goblins
  7 kobolds
  6 rats
  A butterfly (D:4)
87 creatures vanquished.

Vanquished Creatures (collateral kills)
  2 orcs
  A frilled lizard (D:3)
  A butterfly (D:4)
4 creatures vanquished.

Vanquished Creatures (others)
  An adder zombie (D:5)
  An iguana zombie (D:5)
  An endoplasm zombie (D:4)
  4 orc zombies
7 creatures vanquished.

Grand Total: 98 creatures vanquished

Notes
Turn   | Place    | Note
-------+----------+-------------------------------------------
     0 | D:1      | Axe the Minotaur Fighter began the quest for the Orb.
     0 | D:1      | Reached XP level 1. HP: 19/19 MP: 0/0
   154 | D:1      | Reached XP level 2. HP: 27/27 MP: 1/1
   870 | D:2      | Found a faded altar of an unknown god.
   903 | D:2      | Reached skill level 1 in Dodging
   903 | D:2      | Reached XP level 3. HP: 33/33 MP: 2/2
  1532 | D:3      | Found a radiant altar of Vehumet.
  1541 | D:3      | Reached XP level 4. HP: 40/40 MP: 3/3
  1654 | D:3      | Found a snail-covered altar of Cheibriados.
  1824 | D:3      | Found a basalt altar of Yredelemnul.
  1832 | D:3      | Became a worshipper of Yredelemnul the Dark
  2351 | D:4      | Reached XP level 5. HP: 38/46 MP: 4/4
  2581 | D:4      | Found a staircase to the Ecumenical Temple.
  3040 | D:4      | Reached * piety under Yredelemnul
  3096 | D:5      | Entered Level 5 of the Dungeon
  3108 | D:5      | Noticed a centaur
  3109 | D:5      | Reached skill level 1 in Invocations
  3135 | D:5      | Found a shimmering altar of Xom.
  3135 | D:5      | Noticed a yak
  3154 | D:5      | Killed a yak
  3155 | D:5      | Reached skill level 5 in Long Blades
  3155 | D:5      | Reached XP level 6. HP: 30/55 MP: 4/6
  3333 | D:5      | Reached skill level 5 in Fighting
  3485 | D:5      | Noticed an orc warrior
  3504 | D:5      | HP: 2/56 [orc wizard/+0 dagger of venom (2)]
  3505 | D:5      | Succumbed to an orc wizard's poison

Illustrated notes

Levels and vault maps discovered:
D:1:      minmay_arrival_hallway, layout_basic
D:2:      layout_basic, basic_ecumenical_altar, chequers_jeans,
          grunt_decor_mini_mirrors
D:3:      layout_rooms, nicolae_vehumet_radiance, chei_slow_surprise,
          mainiacjoe_overflow_cross_hatched
D:4:      layout_loops_corners, minmay_temple_entry_butterflies, uniq_menkaure
D:5:      layout_basic, gammafunk_ghost_cemetery, hangedman_feature_mirror

Skill      XL: |  1  2  3  4  5  6 |
---------------+-------------------+-----
Long Blades    | 3 4 5 |  5.3
Dodging        | 1 2 |  2.7
Shields        | 4 |  4.9
Fighting       | 4 5 |  5.0
Armour         | 4 |  4.9
Invocations    | 1 |  1.9

Action                     |  1- 3 |  4- 6 || total
---------------------------+-------+-------++-------
  Melee: Long sword        |   102 |   126 ||   228
         Headbutt          |    18 |    20 ||    38
    Use: Potion            |       |     9 ||     9
         Scroll            |       |     2 ||     2
 Armour: Scale mail        |    16 |       ||    16
         Chain mail        |    33 |    78 ||   111
  Dodge: Dodged            |    39 |    54 ||    93
  Block: Buckler           |    19 |    37 ||    56

Table legend: (Time is in decaauts)
 A = Elapsed time spent in this place.
 B = Non-inter-level travel time spent in this place.
 C = Inter-level travel time spent in this place.
 D = Time resting spent in this place.
 E = Time spent auto-exploring this place.
 F = Levels seen in this place.
 G = Mean time per level.
                   A        B        C        D        E       F      G
               +--------+--------+--------+--------+--------+-----+--------+
         Total |   3560 |   3430 |    130 |    467 |   2409 |   5 |  712.0 |
       Dungeon |   3560 |   3430 |    130 |    467 |   2409 |   5 |  712.0 |
               +--------+--------+--------+--------+--------+-----+--------+

Top non-repeatable levels by time:
     D:4: 960 daAuts
     D:2: 798 daAuts
     D:1: 716 daAuts
     D:3: 664 daAuts
     D:5: 419 daAuts
